 Dungeon Crawl Stone Soup version 0.29.1-13-g9f3cf754e1 (webtiles) character file.

Game seed: 14335616141827990351

2196 renven the Basher (level 9, -17/76 HPs)
             Began as a Gargoyle Berserker on Jan 23, 2023.
             Was a Priest of Trog.
             Demolished by Maggie
             ... wielding a +1 scimitar of distortion
              (20 damage)
             ... on level 7 of the Dungeon.
             The game lasted 00:43:23 (7269 turns).

renven the Basher (Gargoyle Berserker)              Turns: 7269, Time: 00:43:25

Health: -17/76     AC: 20    Str: 24    XL:     9   Next: 34%
Magic:  9/9        EV:  9    Int:  9    God:    Trog [***...]
Gold:   317        SH:  0    Dex:  9    Spells: 8/8 levels left

rFire   . . .      SeeInvis .   e - +1 mace (vorpal)
rCold   . . .      Faith    .   (no shield)
rNeg    + + .      Spirit   .   o - +0 chain mail
rPois   ∞          Reflect  .   I - +1 helmet
rElec   +          Harm     .   u - scarf {repulsion}
rCorr   .          Rampage  .   (no gloves)
Will    .....                   N - +2 pair of boots
Stlth   ..........              (no amulet)
HPRegen 0.22/turn               f - ring of positive energy
MPRegen 0.11/turn               (no ring)

@: berserking, repel missiles, very quick
A: sickness immunity, AC +6, negative energy resistance 1, electricity
resistance, torment resistance 1, petrification resistance
a: Renounce Religion, Berserk, Trog's Hand


You were on level 7 of the Dungeon.
You worshipped Trog.
Trog was most pleased with you.
You visited 2 branches of the dungeon, and saw 8 of its levels.

You collected 317 gold pieces.

Inventory:

Hand Weapons
 a - a +0 mace of venom
 e - a +1 vorpal mace (weapon)
 v - the +3 woodcutter's axe {vorpal}
   (You found it on level 3 of the Dungeon)

   It inflicts extra damage upon your enemies.
 D - a +0 flail
 H - a +3 mace
Missiles
 g - 25 poisoned darts (quivered)
 i - 58 stones
 j - a throwing net
 k - 6 javelins
 n - a curare-tipped dart
Armour
 c - a +0 ring mail
 o - a +0 chain mail (worn)
 u - a scarf of repulsion (worn)
 x - a +1 pair of boots
 I - a +1 helmet (worn)
 N - a +2 pair of boots (worn)
Jewellery
 f - a ring of positive energy (left hand)
Wands
 y - a wand of paralysis (8)
 G - a wand of flame (5)
 K - a wand of digging (4)
Scrolls
 b - 2 scrolls of enchant weapon
 m - a scroll of summoning
 r - 2 scrolls of blinking
 s - 3 scrolls of butterflies {unknown}
 t - 4 scrolls of amnesia
 w - 4 scrolls of teleportation
 B - 3 scrolls of vulnerability
 E - a scroll of brand weapon
 F - a scroll of poison
 L - 2 scrolls of identify
 O - a scroll of noise {unknown}
Potions
 d - a potion of ambrosia
 h - a potion of curing
 l - a potion of heal wounds
 p - 2 potions of brilliance
 q - a potion of flight
 z - a potion of haste
 A - 2 potions of attraction
 C - a potion of magic {unknown}
 J - 2 potions of cancellation {unknown}
 M - a potion of resistance {unknown}
 P - a potion of might


   Skills:
 - Level 3.2 Fighting
 + Level 11.9 Maces & Flails
 - Level 2.1 Armour
 - Level 3.3 Dodging


You had 8 spell levels left.
You didn't know any spells.
Your spell library was empty.

Dungeon Overview and Level Annotations

Branches:
Dungeon (7/15)             Temple (1/1) D:4

Altars:
Ashenzari
Cheibriados
Dithmenos
Elyvilon
Fedhas
Gozag
Hepliaklqana
Kikubaaqudgha
Makhleb
Nemelex Xobeh
Okawaru
Qazlal
Ru
Trog
Uskayaw
Vehumet
Xom
Yredelemnul
Zin
The Shining One

Shops:
D:5 :   D:6 :((

Annotations:
D:7 1 transporter, Maggie; mopl's ghost, novice FoEn


Innate Abilities, Weirdness & Mutations

You are immune to sickness and miasma.
Your stone body is resilient. (AC +6)
You are immune to poison.
You resist negative energy. (rN+)
You are resistant to electric shocks. (rElec)
You are resistant to unholy torment.
You are immune to petrification.


Message History

The ice encasing you melts away.
You now have 317 gold pieces (gained 10).
P - a sapphire potion Maggie the Vainglorious comes into view.
She is wielding a +1 scimitar of distortion.
Maggie shouts!
Maggie points at you and mumbles some strange words.
The bolt of fire hits you!!
Maggie drinks a potion.
Maggie seems to grow stronger.
A white imp comes into view.
The white imp shouts, "Leave, thou rough-hewn flap-mouthed scut!"
Maggie hits you with a +1 scimitar of distortion.
Space warps around you.
A red film seems to cover your vision as you go berserk!
You feel yourself moving faster!
You feel mighty! The white imp puffs mist at you.
The white imp gestures at you.
The puff of frost is repelled.
Maggie barely misses you.
You thump Maggie!
Maggie is moderately wounded.
You hit Maggie.
Maggie is moderately wounded.
The white imp hits you but does no damage.
Maggie hits you with a +1 scimitar of distortion!
Space warps around you.
You barely miss Maggie.
Maggie is moderately wounded.
You hit Maggie but do no damage.
Maggie is moderately wounded.
The white imp hits you. The white imp freezes you.
Maggie mumbles some strange words.
You barely miss Maggie.
Maggie is moderately wounded.
You thump Maggie!
Maggie is heavily wounded.
The white imp gestures at you. The puff of frost misses you.
Maggie hits you with a +1 scimitar of distortion!!
* * * LOW HITPOINT WARNING * * *
Space warps horribly around you!!
You die...

......# §§.~..#
.§....## # .§~~...##
.. §~.~....####.# ###
~..§..#.#....# ..
..†...#.#.#### ##.#
###.....#....# #@5#
###.##..####.###@#
....###..........#
##..###.####....##
.#...##'#######+###...
.#.#####.$......####..
.#.######..##..####
........##....####
.#.####..##..#### .#.#
##.###..###


You could see Maggie (strong) and a white imp.

Vanquished Creatures
  A rime drake (D:7)
  A wraith (D:6)
  A water moccasin (D:6)
  Duvessa (D:7)
  An ogre (D:7)
  A centaur (D:6)
  2 phantoms (D:6)
  A kobold brigand (D:6)
  A gnoll sergeant (D:3)
  A necrophage (D:5)
  2 scorpions
  3 wights (D:6)
  Dowan (D:7)
  A crimson imp (D:5)
  4 hounds
  A jelly (D:7)
  Crazy Yiuf (D:4)
  4 iguanas
  Natasha (D:2)
  Terence (D:2)
  4 orc wizards
  10 adders
  7 gnolls
  2 white imps (D:6)
  2 ufetubi (D:6)
  3 worms
  6 dart slugs
  16 orcs
  5 endoplasms
  6 giant cockroaches
  9 goblins
  4 hobgoblins
  6 jackals
  A quokka (D:1)
  10 ball pythons
  5 bats
  4 frilled lizards (D:1)
  13 kobolds
  3 rats
146 creatures vanquished.

Notes
Turn   | Place    | Note
-------+----------+-------------------------------------------
     0 | D:1      | renven the Gargoyle Berserker began the quest for the Orb.
     0 | D:1      | Reached XP level 1. HP: 14/14 MP: 1/1
    68 | D:1      | Reached XP level 2. HP: 19/19 MP: 2/2
   580 | D:1      | Reached XP level 3. HP: 23/23 MP: 3/3
   932 | D:1      | Found a faded altar of an unknown god.
  1287 | D:2      | Reached ** piety under Trog
  1706 | D:2      | Noticed Terence
  1713 | D:2      | Killed Terence
  1714 | D:2      | Reached skill level 4 in Maces & Flails
  1714 | D:2      | Reached XP level 4. HP: 28/28 MP: 4/4
  1787 | D:2      | You fall into a shaft and drop 1 floor!
  1865 | D:2      | Noticed Natasha
  1892 | D:2      | Killed Natasha
  2353 | D:3      | Reached XP level 5. HP: 32/32 MP: 5/5
  2910 | D:3      | Found a broken altar of Ashenzari.
  3047 | D:3      | Reached skill level 5 in Maces & Flails
  3216 | D:3      | Found the +3 woodcutter's axe {vorpal}
  3230 | D:3      | Reached XP level 6. HP: 3/37 MP: 6/6
  3625 | D:3      | Found a white marble altar of Elyvilon.
  3626 | D:3      | Found a blossoming altar of Fedhas.
  3830 | D:4      | Found a glowing silver altar of Zin.
  3854 | D:4      | Reached skill level 6 in Maces & Flails
  4338 | D:4      | Found a sparkling altar of Nemelex Xobeh.
  4351 | D:4      | Found a staircase to the Ecumenical Temple.
  4357 | Temple   | Entered the Ecumenical Temple
  4565 | D:4      | Found a runed translucent door.
  4566 | D:4      | Noticed Crazy Yiuf
  4587 | D:4      | Reached *** piety under Trog
  4745 | D:4      | Killed Crazy Yiuf
  4746 | D:4      | Reached XP level 7. HP: 41/41 MP: 7/7
  4822 | D:5      | Entered Level 5 of the Dungeon
  4885 | D:5      | Reached skill level 7 in Maces & Flails
  5114 | D:5      | Found Pohune's Self-Improvement Boutique.
  5560 | D:5      | Reached skill level 8 in Maces & Flails
  5619 | D:5      | Found a burning altar of Makhleb.
  5890 | D:6      | Noticed a wraith
  5892 | D:6      | Reached XP level 8. HP: 46/46 MP: 8/8
  5952 | D:6      | Killed a wraith
  5953 | D:6      | Reached skill level 9 in Maces & Flails
  6164 | D:6      | Reached skill level 10 in Maces & Flails
  6322 | D:6      | Found Cuosaom's Book Shop.
  6516 | D:6      | Found a bloodstained altar of Trog.
  6550 | D:6      | Found Cialaqos's Antique Weapon Emporium.
  6781 | D:6      | Found Ocvuh's Weapon Shop.
  6801 | D:7      | Noticed Duvessa
  6804 | D:7      | Noticed Dowan
  6828 | D:7      | Killed Duvessa
  6829 | D:7      | Reached skill level 11 in Maces & Flails
  6829 | D:7      | Reached XP level 9. HP: 51/51 MP: 9/9
  6836 | D:7      | Killed Dowan
  7123 | D:7      | Found a transporter.
  7124 | D:7      | Noticed mopl's ghost (novice FoEn)
  7139 | D:7      | Found the +4 skin of Zhor {*Englaciate rC+++ SInv}
  7146 | D:7      | Noticed a rime drake
  7167 | D:7      | Found a stormy altar of Qazlal.
  7238 | D:7      | Killed a rime drake
  7260 | D:7      | Noticed Maggie
  7269 | D:7      | HP: 3/76 [Maggie/+1 scimitar of distortion (20)]
  7269 | D:7      | Demolished by Maggie

Illustrated notes

Levels and vault maps discovered:
D:1:      elethiomel_arrival_infinity_welcomes_careful_drivers,
          layout_loops_ring, shapermc_ecumenical_altar_pompeii
D:2:      layout_loops_corners, uniq_natasha, uniq_terence
D:3:      layout_loops_cross, mainiacjoe_overflow_alcove_2, minitemple,
          pf_guarded_unrand_woodcutter
D:4:      layout_cave_pools, zin_academy, nemelex_diamond_rough_becter,
          temple_green, uniq_crazy_yiuf_cottage
D:5:      layout_rooms, makhleb_grotto_becter, nicolae_kite_square_tiling_tiny,
          nicolae_shop_self_help
D:6:      layout_cave_pools, mainiacjoe_overflow_cross_hatched, serial_shops,
          nicolae_take_the_stairs, nicolae_shop_advertising_works
          [nicolae_subvault_shop_adworks], nicolae_shop_crystal
D:7:      lemuel_insect_pit, layout_loops_ring,
          nicolae_qazlal_scattered_showers, nicolae_wu_jian_wuxing_cycle,
          led_sif_book, serial_co_window_serial, co_window_corner_a,
          co_window_paths_a, co_window_corner_a, co_window_paths_a,
          co_window_of_opportunity_a, co_window_of_opportunity_a,
          co_window_2corner, co_window_2corner, co_window_2corner,
          co_window_2corner, gammafunk_ghost_smash,
          hellmonk_guarded_unrand_zhor, uniq_maggie, uniq_duvessa
Temple:   chequers_temple_sunken

Skill      XL: |  1  2  3  4  5  6  7  8 |
---------------+-------------------------+-----
Dodging        | 2 3 |  3.3
Maces & Flails | 4 5 6 8 11 | 11.9
Fighting       | |  3.2
Armour         | |  2.1

Action                   |  1- 3 |  4- 6 |  7- 9 || total
-------------------------+-------+-------+-------++-------
Melee: Mace              |   125 |   172 |   243 ||   540
       Punch             |       |     1 |     1 ||     2
Throw: Dart              |     4 |     9 |    10 ||    23
Invok: Berserk           |     1 |     4 |     5 ||    10
       Trog's Hand       |     1 |     1 |     3 ||     5
  Use: Scroll            |     3 |       |    15 ||    18
Armor: Ring mail         |    55 |    14 |       ||    69
       Chain mail        |       |   105 |   150 ||   255
Dodge: Dodged            |    76 |    76 |   114 ||   266
       Repelled          |       |     2 |     4 ||     6
